Map: Ruins of Seras

Players

Bruh

  • Race: Terran Terran
  • League: Grandmaster

CaptRaynor - Winner!

  • Race: Zerg Zerg
  • League: Grandmaster

VOD

Have the link to the VOD?

Description

Time

  • Played on: July 10, 2015, 12:18 a.m.
  • Length: 24:19
Show
View Real Time Build Order
Export as new Build Order

Bruh Terran 

Build Orders:  

Get SALT Encoding   

  12  0:04  SCV  
  13  0:29  Supply Depot  
  13  0:49  SCV  
  14  0:58  Barracks  
  14  1:01  SCV  
  15  1:13  SCV  
  16  1:23  Engineering Bay  
  16  1:25  SCV  
  17  1:34  Refinery  
  17  1:37  SCV  
  18  1:49  SCV  
  19  1:54  Marine  
  20  2:01  SCV  
  21  2:12  Marine  
  21  2:13  SCV  
  23  2:40  Supply Depot  
  23  2:54  Sensor Tower  
  23  3:01  SCV, Marine  
  23  3:05  Supply Depot  
  25  3:06  Bunker  
  25  3:11  Refinery  
  25  3:13  SCV  
  25  3:19  Marine  
  27  3:25  SCV  
  28  3:27  Supply Depot, Factory  
  28  3:37  Marine  
  28  3:38  SCV, Bunker  
  30  3:50  SCV  
  30  3:52  Supply Depot  
  31  4:02  Barracks Reactor  
  32  4:07  Orbital Command  
  31  4:17  Factory Tech Lab  
  31  4:49  Command Center, Marine x2  
  33  4:53  Siege Tank  
  36  5:07  Marine x2  
  37  5:25  Siege Tank, Marine x2  
  42  5:43  Marine x2  
  44  5:57  Cyclone  
  44  6:01  Marine x2  
  49  6:12  Command Center  
  49  6:18  Marine  
  49  6:19  Marine  
  51  6:34  Missile Turret  
  51  6:36  Marine x2  
  53  6:55  Missile Turret  
  53  7:02  Marine x2  
  55  7:16  Missile Turret  
  55  7:18  Siege Tank  
  55  7:20  Marine x2  
  60  7:36  Missile Turret  
  60  7:43  Supply Depot  
  60  7:50  Siege Tank  
  63  7:56  SCV  
  63  7:57  Missile Turret  
  64  8:06  Supply Depot  
  64  8:08  SCV  
  65  8:20  SCV  
  65  8:22  Siege Tank  
  65  8:24  Starport, Missile Turret  
  69  8:30  Supply Depot  
  69  8:31  Marine x2  
  71  8:46  Missile Turret  
  71  8:49  Marine x2  
  71  8:52  Supply Depot  
  71  8:54  Siege Tank  
  71  8:55  SCV  
  77  8:56  Liberator  
  77  9:06  Marine  
  77  9:07  SCV, Marine  
  80  9:15  Supply Depot  
  82  9:19  SCV  
  83  9:27  Siege Tank  
  83  9:31  SCV, Marine x2  
  89  9:38  Supply Depot  
  89  9:39  Liberator  
  89  9:43  SCV  
  90  9:49  Marine x2  
  94  10:06  Marine  
  94  10:07  Marine  
  84  10:22  Liberator  
  84  10:24  Marine x2  
  29  11:12  Marine x2  
  27  11:30  Marine x2  
  29  11:37  Siege Tank  
  32  11:48  Marine x2  
  34  12:06  Marine x2  
  36  12:09  Siege Tank, Starport Tech Lab  
  39  12:16  SCV  
  40  12:28  SCV  
  41  12:36  Marine x2  
  43  12:40  SCV  
  43  12:41  Siege Tank  
  47  12:49  Refinery  
  47  12:52  SCV  
  47  12:54  Marine x2  
  50  13:04  SCV  
  51  13:11  Marine  
  51  13:12  Marine  
  53  13:13  Siege Tank  
  53  13:15  Refinery  
  53  13:16  SCV  
  53  13:18  SCV  
  58  13:28  SCV  
  58  13:29  Marine x2  
  58  13:30  SCV  
  59  13:40  SCV  
  57  13:43  SCV  
  57  13:55  SCV  
  58  14:07  SCV  
  59  14:16  Armory  
  59  14:19  SCV  
  59  14:20  SCV  
  59  14:21  Marine x2  
  64  14:31  SCV  
  64  14:32  SCV  
  65  14:39  Marine x2  
  65  14:40  Liberator  
  65  14:44  SCV  
  68  14:56  SCV  
  68  14:57  Marine x2  
  73  15:08  SCV  
  74  15:14  Refinery  
  74  15:15  Marine x2  
  76  15:23  Liberator  
  76  15:31  Refinery  
  73  15:57  Siege Tank  
  76  16:05  Liberator  
  76  16:18  Marine  
  76  16:19  Marine  
  76  16:22  SCV  
  81  16:29  Siege Tank  
  84  16:34  SCV  
  84  16:36  Marine x2  
  87  16:46  SCV  
  88  16:48  Liberator  
  88  16:54  Marine x2  
  88  16:58  SCV  
  88  17:01  Siege Tank  
  96  17:10  SCV  
  96  17:12  Marine x2  
  99  17:30  Marine x2  
  99  17:31  Liberator  
  101  17:47  Marine  
  101  17:48  Marine  
  101  18:05  Marine x2  
  101  18:13  Unknown  
  101  18:14  Liberator  
  95  18:37  Marine x2  
  97  18:54  Marine  
  97  18:55  Marine  
  99  18:57  Liberator  
  99  19:12  Marine x2  
  103  19:30  Marine x2  
  105  19:40  Liberator  
  105  19:48  Siege Tank, Marine x2  
  110  19:56  Command Center  
  112  20:06  Marine x2  
  114  20:20  Siege Tank  
  117  20:23  Marine  
  117  20:25  Liberator  
  118  20:42  Marine  
  121  20:52  Siege Tank  
  124  21:08  Liberator  
  124  21:10  SCV  
  125  21:22  SCV  
  125  21:25  Siege Tank  
  131  21:34  SCV  
  132  21:46  SCV, Factory  
  133  21:55  Ghost Academy  
  133  21:57  Refinery, Siege Tank  
  133  21:59  SCV  
  137  22:11  SCV  
  138  22:18  Marine x2  
  140  22:23  SCV  
  140  22:29  Siege Tank  
  144  22:35  SCV  
  144  22:36  Marine x2  
  144  22:37  Fusion Core  
  139  22:54  Marine x2  
  98  23:11  Marine  
  98  23:12  Marine  
Show
View Real Time Build Order
Export as new Build Order

CaptRaynor Zerg - Winner!

Build Orders: Hatch First 

Get SALT Encoding   

  12  0:01  Drone  
  13  0:12  Drone  
  14  0:30  Overlord  
  14  0:50  Drone x2  
  14  0:52  Hatchery  
  14  0:55  Drone  
  16  1:03  Drone  
  17  1:18  Spawning Pool  
  16  1:22  Overlord  
  16  1:33  Drone  
  16  1:36  Extractor  
  16  1:46  Drone x2  
  18  2:05  Queen x2  
  22  2:19  Drone  
  22  2:20  Drone x4  
  27  2:32  Overlord x2  
  27  2:55  Drone x4  
  31  3:01  Queen x2  
  35  3:10  Drone x3  
  38  3:22  Zergling x8  
  38  3:23  Zergling x4  
  44  3:38  Overlord x3  
  44  4:13  Lair  
  44  4:19  Drone  
  44  4:20  Drone x5  
  50  4:47  Roach Warren  
  49  5:06  Hatchery  
  47  5:30  Roach x4  
  47  5:31  Roach x6  
  67  5:39  Overlord x4  
  67  5:40  Overlord x3  
  67  5:44  Extractor  
  67  5:48  Extractor  
  65  6:22  Nydus Network  
  60  6:45  Queen  
  61  7:05  Zergling x14  
  61  7:06  Zergling x28  
  61  7:07  Zergling x8  
  86  7:19  Drone x3  
  89  7:28  Evolution Chamber  
  88  7:37  Pneumatized Carapace  
  88  7:52  Baneling Nest  
  87  8:16  Zerg Ground Armor Level 1  
  87  8:23  Spire  
  86  8:27  Overlord x2  
  86  8:29  Zergling x2  
  86  8:30  Zergling x26  
  86  8:31  Zergling x8  
  104  8:46  Centrifical Hooks  
  104  8:53  Baneling  
  104  8:54  Baneling x16  
  104  8:55  Baneling  
  104  9:08  Glial Reconstitution  
  104  9:12  Extractor  
  103  9:17  Extractor  
  102  9:40  Hatchery  
  101  9:51  Nydus Canal  
  101  10:02  Zergling x24  
  46  11:09  Zergling x18  
  47  11:42  Zerg Ground Armor Level 2  
  47  11:45  Mutalisk  
  47  11:46  Mutalisk x8  
  65  11:48  Zergling x2  
  65  11:49  Zergling x12  
  72  12:03  Drone x3  
  72  12:04  Drone x4  
  79  12:25  Zerg Flyer Weapons Level 1  
  79  12:35  Zergling x2  
  79  12:36  Zergling x36  
  98  12:47  Queen  
  100  13:23  Baneling x11  
  100  13:24  Baneling x20  
  100  13:25  Baneling x7  
  100  14:03  Zerg Melee Weapons Level 1  
  100  14:06  Mutalisk x5  
  110  14:22  Zerg Flyer Weapons Level 2  
  110  14:36  Extractor  
  109  14:52  Overlord  
  109  14:53  Overlord x5  
  109  15:05  Hydralisk Den  
  108  15:25  Nydus Canal  
  106  16:03  Zerg Melee Weapons Level 2  
  106  16:09  Hydralisk x3  
  106  16:10  Hydralisk x7  
  106  16:11  Hydralisk x7  
  126  16:12  Hydralisk x2  
  144  16:31  Infestation Pit  
  144  16:32  Lurker Den  
  143  16:38  Zerg Flyer Armor Level 1  
  143  17:13  Pathogen Glands  
  143  17:21  Hive  
  143  17:24  Burrow  
  143  18:01  Corruptor  
  143  18:02  Corruptor x6  
  157  18:10  Extractor  
  157  18:11  Extractor  
  151  18:19  Zerg Missile Weapons Level 1  
  131  18:36  Greater Spire  
  131  18:43  Corruptor x4  
  139  18:57  Drone x3  
  139  18:58  Drone  
  143  19:20  Lurker x3  
  146  20:13  Brood Lord x3  
  146  20:14  Brood Lord  
  154  20:20  Hatchery  
  153  20:24  Muscular Augments  
  153  20:48  Drone x5  
  158  20:52  Drone x4  
  158  20:54  Drone  
  163  21:24  Mutalisk x5  
  163  21:25  Mutalisk x2  
  177  21:56  Drone  
  177  21:57  Drone x2  
  180  22:13  Drone x3  
  183  22:27  Nydus Canal  
Tags
 
Add a new tag
Caveats
  • Supply blocks, unpowered buildings, or Contaminate may cause inaccurate times.
  • Supply counts are checked every 10 seconds.